 Dungeon Crawl Stone Soup version 0.28-b1-25-g9875b3fc8c (webtiles) character file.

Game seed: 17759802171660359390

0 cbfl8 the Sneak (level 1, -3/19 HPs)
             Began as a Minotaur Delver on Feb 2, 2022.
             Slain by a worm (9 damage)
             ... on level 5 of the Dungeon.
             The game lasted 00:00:20 (56 turns).

cbfl8 the Sneak (Minotaur Delver)                     Turns: 56, Time: 00:00:21

Health: -3/19      AC:  3    Str: 16    XL:     1   Next: 8%
Magic:  0/0        EV: 11    Int:  7    God:
Gold:   0          SH:  0    Dex: 11    Spells: 0/0 levels left

rFire   . . .      SeeInvis .   a - +0 hand axe
rCold   . . .      Faith    .   (no shield)
rNeg    . . .      Spirit   .   b - +0 leather armour
rPois   .          Reflect  .   (helmet restricted)
rElec   .          Harm     .   (no cloak)
rCorr   .          Rampage  .   (no gloves)
Will    .....                   (no boots)
Stlth   +.........              (no amulet)
HPRegen 0.06/turn               (no ring)
MPRegen 0.07/turn               (no ring)

@: very slow
A: horns 2, retaliatory headbutt
a: no special abilities


You were on level 5 of the Dungeon.
You visited 1 branch of the dungeon, and saw 1 of its levels.

Inventory:

Hand Weapons
 a - a +0 hand axe (weapon)
Armour
 b - a +0 leather armour (worn)
Magical Staves
 h - a staff of death
Wands
 g - a wand of digging (3)
Scrolls
 c - a scroll of fog
 d - a scroll of amnesia {unknown}
 e - a scroll of fear
 j - 2 scrolls of identify {unknown}
Potions
 f - a potion of haste
 i - a potion of flight {unknown}
 k - a potion of curing {unknown}


   Skills:
 + Level 3.6 Fighting
 + Level 2.4 Axes
 + Level 2.1 Dodging
 + Level 4.1 Stealth


You couldn't memorise any spells.
You didn't know any spells.
Your spell library was empty.

Dungeon Overview and Level Annotations

Branches:
Dungeon (5/15)             Temple (0/1) D:5

Altars:

Portals:
Sewer: D:5


Innate Abilities, Weirdness & Mutations

You have a pair of horns on your head.
You reflexively headbutt those who attack you in melee.


Message History

There is a glowing drain here.
You enter the shallow water.
Moving in this stuff is going to be slow.
The worm bites you. The worm bites you.
You hit the worm. You headbutt the worm.
The worm is moderately wounded.
The worm bites you.
You barely miss the worm. You headbutt the worm.
The worm is heavily wounded.
The worm completely misses you.
You barely miss the worm.
The worm is moderately wounded.
You hit the worm.
The worm is heavily wounded.
You hear the slow rusting of a drain.
The worm completely misses you.
You hit the worm.
The worm is heavily wounded.
The worm splashes around in the water.
You slash the worm!
The worm is almost dead.
The worm splashes around in the water.
Your unstable footing causes you to fumble your attack.
Your unstable footing causes you to fumble your attack.
The worm splashes around in the water.
You hit the worm but do no damage.
The worm is severely wounded.
The worm bites you.
You barely miss the worm.
The worm is severely wounded.
You barely miss the worm.
The worm is severely wounded.
The worm barely misses you.
Your unstable footing causes you to fumble your attack.
The worm closely misses you. You furiously retaliate!
You headbutt the worm.
Your unstable footing causes you to fumble your attack.
Your unstable footing causes you to fumble your attack.
The worm bites you!
You die...

...* ####.....## *8,, ...##*
##.........## **8,
.....####*##..#...#....# ****,
.#...,...##...≈≈≈≈≈....# *,,,,
...#.**#..#.#≈≈≈≈≈≈≈#..# *,,,*
.#...####.#.≈≈≈≈≈≈≈≈...#*****,,,*
...#.........≈≈≈∩≈≈≈....,,,,,,,,*
.#........>..≈≈≈≈≈≈≈....,***,,,,*
.......†)...#≈≈w@≈≈≈#.##,* *,,,,*
..............≈≈≈≈≈...#*,***,****
..............#≈..#...#*,,**,*
....................#.#**,,,,*
>.......)....###...##.# ***,,*
............## #....,,# *,,*
...........##**#...##** *,<*
##.....###.# *,....# **,***
###.#.#**.#**,*,,,* *,,,*


You could see a worm.

Vanquished Creatures
  A rat (D:5)
1 creature vanquished.

Notes
Turn   | Place    | Note
-------+----------+-------------------------------------------
     0 | D:5      | cbfl8 the Minotaur Delver began the quest for the Orb.
     0 | D:5      | Reached XP level 1. HP: 19/19 MP: 0/0
    29 | D:5      | Found a glowing drain.
    56 | D:5      | Slain by a worm

Illustrated notes

Levels and vault maps discovered:
D:5:      layout_rooms, minmay_temple_entry_statues,
          cheibrodos_sewer_entry_drain, hex_tiny

Action                   || total
-------------------------++-------
Melee: Hand axe          ||    14
       Headbutt          ||     2
  Use: Scroll            ||     1
Dodge: Dodged            ||     5
